Rafales vs Remparts
Created - November 10, 2018 at 23:06
Goals
|
Rafales |
1 |
1 |
2 |
4 |
Remparts |
2 |
2 |
3 |
7 |
|
Shots
|
Rafales |
5 |
13 |
18 |
36 |
Remparts |
11 |
7 |
16 |
34 |
|
1st period
1. Remparts , Daniel Paille 7 (Niklas Hansson 4) at 11:17
2. Rafales , Mike Zigomanis 12 (Milan Bartovic 12) at 12:40
3. Remparts , Chris Mueller 4 (Viktor Baldayev 2, Justin Williams 4) at 15:23
Penalties :
Cédric Lalonde-McNicoll (Que) for Hooking (Minor) at 1:02, Dylan McIlrath (Stf) for Roughing (Minor) at 3:38
2nd period
4. Rafales , Cody McLeod 9 (Nathan Davis 10, Slater Koekkoek 1) at 3:12
5. Remparts , Pontus Aberg 7 (Guillaume Desbiens 13, Max Reinhart 9) at 9:37
6. Remparts , Justin Williams 3 (Viktor Baldayev 3) at 17:23
Penalties :
Brandon Mashinter (Que) for Hooking (Minor) at 6:47, Niklas Hansson (Que) for Tripping (Minor) at 18:37
3rd period
7. Remparts , Niklas Hansson 1 (Michal Jordan 5, Brandon Mashinter 10) at 0:50
8. Rafales , Cody McLeod 10 (Mike Zigomanis 10) at 9:56 (PP)
9. Remparts , Chris Mueller 5 (Justin Williams 5, Cédric Lalonde-McNicoll 1) at 10:51
10. Remparts , Max Reinhart 5 (Guillaume Desbiens 14, Michal Jordan 6) at 15:50
11. Rafales , Cody McLeod 11 (Mike Zigomanis 11) at 18:57 (PP)
Penalties :
Niklas Hansson (Que) for Slashing (Minor) at 4:05, Brandon Mashinter (Que) for Hooking (Minor) at 9:44, Michal Jordan (Que) for Hooking (Minor) at 18:40
Goalie Stats
Leland Irving (Stf), 27 saves from 34 shots - (0.794), L, 7-5-0, 60:00 minutes
Jason Missiaen (Que), 32 saves from 36 shots - (0.889), W, 6-4-0, 60:00 minutes
Players Stats for Rafales
Player Name G A P +/- PIM S H SB GA TA FO MP PP MP PK MP
------------------------------------------------------------------------------------
Brian Ferlin 0 0 0 -1 0 1 0 0 1 0 0/1 17:49 3:58 0:25
Carl Klingberg 0 0 0 -1 0 2 2 0 0 1 1/2 18:18 3:58 0:54
Chris Terry 0 0 0 -1 0 0 0 0 1 0 0/0 7:55 0:00 0:00
Cody McLeod 3 0 3 -1 0 6 5 1 0 2 1/2 21:06 4:27 0:57
Connor Murphy 0 0 0 -3 0 2 1 4 0 0 0/0 27:34 5:55 1:11
Dennis Persson 0 0 0 0 0 4 0 0 0 0 0/0 18:03 0:00 0:48
Dylan McIlrath 0 0 0 -2 2 0 2 0 0 0 0/0 11:36 0:00 0:00
James Marcou 0 0 0 -1 0 1 0 0 0 0 0/0 7:55 0:00 0:00
Jayson Megna 0 0 0 -1 0 0 1 0 0 0 2/3 8:01 0:00 0:04
Julian Melchiori 0 0 0 -2 0 0 0 2 0 1 0/0 14:23 2:30 0:00
Kevin Veilleux 0 0 0 -2 0 3 2 0 0 0 5/7 12:31 0:00 0:00
Matt Gilroy 0 0 0 -3 0 1 4 3 1 0 0/0 27:34 5:55 1:11
Michael Bournival 0 0 0 -2 0 6 1 0 1 0 0/0 13:09 0:00 0:36
Mike Zigomanis 1 2 3 -1 0 3 1 1 1 0 21/40 21:11 4:27 1:02
Milan Bartovic 0 1 1 -1 0 2 0 0 0 0 1/1 20:09 4:27 0:00
Nathan Davis 0 1 1 -1 0 1 0 1 0 0 2/4 17:24 3:58 0:00
Slater Koekkoek 0 1 1 0 0 2 0 1 0 1 0/0 20:51 2:30 0:48
Tim Crowder 0 0 0 -2 0 2 2 0 1 0 0/0 12:31 0:00 0:00
Players Stats for Remparts
Player Name G A P +/- PIM S H SB GA TA FO MP PP MP PK MP
------------------------------------------------------------------------------------
Brandon Mashinter 0 1 1 2 4 2 4 0 0 0 4/10 17:13 0:51 2:21
Cédric Lalonde-McNicoll 0 1 1 -1 2 3 1 2 0 1 3/8 10:59 0:00 0:50
Chris Mueller 2 0 2 3 0 2 1 0 0 0 1/4 10:25 0:00 0:26
Daniel Paille 1 0 1 2 0 4 2 0 0 0 0/0 17:08 0:51 2:07
Griffin Reinhart 0 0 0 -1 0 1 0 1 1 1 0/0 24:24 1:03 4:12
Guillaume Desbiens 0 2 2 1 0 3 2 0 2 0 2/2 21:48 1:01 4:52
Justin Williams 1 2 3 3 0 2 1 0 1 0 0/0 9:39 0:07 0:00
Juuso Ikonen 0 0 0 3 0 0 1 0 1 0 0/0 11:27 0:07 1:26
Keaton Thompson 0 0 0 2 0 0 2 0 0 0 0/0 12:43 0:00 0:00
Max Reinhart 1 1 2 1 0 5 2 0 0 1 17/35 21:44 1:01 4:48
Michael Downing 0 0 0 2 0 0 0 1 0 0 0/0 13:54 0:00 0:49
Michal Jordan 0 2 2 0 2 2 2 0 0 0 0/0 26:15 1:03 5:21
Nail Yakupov 0 0 0 -1 0 1 0 0 0 0 0/0 9:50 0:07 0:00
Niklas Hansson 1 1 2 4 4 1 0 5 0 0 0/0 21:19 0:56 2:41
Pontus Aberg 1 0 1 1 0 2 1 1 0 2 0/1 16:52 1:01 0:00
Roberts Lipsbergs 0 0 0 -1 0 1 1 0 0 0 0/0 9:37 0:00 0:00
Ryan Strome 0 0 0 1 0 3 1 1 0 1 0/0 14:14 0:51 0:00
Viktor Baldayev 0 2 2 4 0 2 1 0 0 0 0/0 21:58 0:56 3:47
3 Stars
1 - Chris Mueller (Que)
2 - Justin Williams (Que)
3 - Cody McLeod (Stf)
Power Play
Rafales - 2 on 6 Attempt(s) - 33.33%
Remparts - 0 on 1 Attempt(s) - 0.00%
Penalty Kill
Rafales - 1 on 1 Attempt(s) - 100.00%
- Score 0 goal in Penalty Kill
Remparts - 4 on 6 Attempt(s) - 66.67%
- Score 0 goal in Penalty Kill
Team Stat
Rafales - Hits : 21 - Faceoff Wins : 33 - Blocked Shots : 13 - Penalty Minutes : 2
Remparts - Hits : 22 - Faceoff Wins : 27 - Blocked Shots : 11 - Penalty Minutes : 12
Official
Referees : Unknown
Linesman : Unknown
Game Notes
Cody McLeod has scored a Hat Trick!
Finance
Level 1 -- Attendance: 1384 (69.20%) -- Ticket Income $41,520
Level 2 -- Attendance: 681 (68.10%) -- Ticket Income $13,620
Total Attendance: 2065 (68.83%)
Total Ticket Income: $55,140
Other Income: $2,757
Total Income: $57,897
Rafales
5 vs 5 Forward
Center Left Wing Right Wing Time % Phy DF OF
1 Mike Zigomanis Cody McLeod Milan Bartovic 40 0 1 4
2 Nathan Davis Carl Klingberg Brian Ferlin 30 1 1 3
3 Kevin Veilleux Michael Bournival Tim Crowder 20 2 1 2
4 Jayson Megna Chris Terry James Marcou 10 2 2 1
5 vs 5 Defense
Defense Defense Time % Phy DF OF
1 Connor Murphy Matt Gilroy 40 1 3 1
2 Dennis Persson Slater Koekkoek 30 1 3 1
3 Julian Melchiori Dylan McIlrath 20 1 3 1
4 Connor Murphy Matt Gilroy 10 1 3 1
PowerPlay Forward
Center Left Wing Right Wing Time % Phy DF OF
1 Mike Zigomanis Cody McLeod Milan Bartovic 60 0 0 5
2 Nathan Davis Carl Klingberg Brian Ferlin 40 0 0 5
PowerPlay Defense
Defense Defense Time % Phy DF OF
1 Connor Murphy Matt Gilroy 60 0 2 3
2 Julian Melchiori Slater Koekkoek 40 0 2 3
Penalty Kill 4 Players Forward
Center Wing Time % Phy DF OF
1 Mike Zigomanis Cody McLeod 60 1 3 1
2 Carl Klingberg Michael Bournival 40 1 3 1
Penalty Kill 4 Players Defense
Defense Defense Time % Phy DF OF
1 Connor Murphy Matt Gilroy 60 2 3 0
2 Dennis Persson Slater Koekkoek 40 2 3 0
Penalty Kill - 3 Players Forward
Forward Time % Phy DF OF
1 Mike Zigomanis 60 1 4 0
2 Cody McLeod 40 1 4 0
Penalty Kill - 3 Players Defense
Defense Defense Time % Phy DF OF
1 Connor Murphy Matt Gilroy 60 1 4 0
2 Dennis Persson Slater Koekkoek 40 1 4 0
4 vs 4 Forward
Center Wing Time % Phy DF OF
1 Mike Zigomanis Cody McLeod 60 1 1 3
2 Carl Klingberg Michael Bournival 40 1 1 3
4 vs 4 Defense
Defense Defense Time % Phy DF OF
1 Connor Murphy Matt Gilroy 60 1 3 1
2 Dennis Persson Slater Koekkoek 40 1 3 1
Last Minutes Offensive
Center Left Wing Right Wing Defense Defense
Mike Zigomanis Cody McLeod Milan Bartovic Connor Murphy Matt Gilroy
Last Minutes Defensive
Center Left Wing Right Wing Defense Defense
Mike Zigomanis Cody McLeod Milan Bartovic Connor Murphy Matt Gilroy
Goaltenders
Starting : Leland Irving
Backup : Chris Driedger
Extra Forwards
Normal : Cody McLeod, Mike Zigomanis, Michael Bournival - PP : Cody McLeod, Mike Zigomanis - PK : Brian Ferlin
Extra Defensemen
Normal : Matt Gilroy, Dennis Persson, Connor Murphy - PP : Matt Gilroy - PK : Dennis Persson, Slater Koekkoek
Penalty Shots
Mike Zigomanis, Cody McLeod, Carl Klingberg, Michael Bournival, Milan Bartovic
Scratches
Ben Sexton (Healthy), Cedric Paquette (Healthy), Ryan Bourque (Healthy), Ben Johnson (Healthy), Nicklas Jensen (Healthy)
Brad Ross (Healthy), Ben Thomson (Healthy), Tyrell Goulbourne (Healthy), David Broll (Healthy), Stefan Chaput (Healthy)
Akim Aliu (Healthy), Maksim Mayorov (Healthy)
Remparts
5 vs 5 Forward
Center Left Wing Right Wing Time % Phy DF OF
1 Max Reinhart Pontus Aberg Guillaume Desbiens 40 1 2 2
2 Brandon Mashinter Daniel Paille Ryan Strome 30 1 2 2
3 Cédric Lalonde-McNicoll Roberts Lipsbergs Nail Yakupov 20 1 2 2
4 Chris Mueller Juuso Ikonen Justin Williams 10 1 2 2
5 vs 5 Defense
Defense Defense Time % Phy DF OF
1 Michal Jordan Griffin Reinhart 40 1 2 2
2 Niklas Hansson Viktor Baldayev 30 1 2 2
3 Keaton Thompson Michael Downing 20 1 2 2
4 Michal Jordan Griffin Reinhart 10 1 2 2
PowerPlay Forward
Center Left Wing Right Wing Time % Phy DF OF
1 Max Reinhart Pontus Aberg Guillaume Desbiens 60 1 2 2
2 Brandon Mashinter Daniel Paille Ryan Strome 40 1 2 2
PowerPlay Defense
Defense Defense Time % Phy DF OF
1 Michal Jordan Griffin Reinhart 60 1 2 2
2 Viktor Baldayev Niklas Hansson 40 1 2 2
Penalty Kill 4 Players Forward
Center Wing Time % Phy DF OF
1 Max Reinhart Guillaume Desbiens 60 1 2 2
2 Brandon Mashinter Daniel Paille 40 1 2 2
Penalty Kill 4 Players Defense
Defense Defense Time % Phy DF OF
1 Michal Jordan Niklas Hansson 60 1 2 2
2 Griffin Reinhart Viktor Baldayev 40 1 2 2
Penalty Kill - 3 Players Forward
Forward Time % Phy DF OF
1 Max Reinhart 60 1 2 2
2 Daniel Paille 40 1 2 2
Penalty Kill - 3 Players Defense
Defense Defense Time % Phy DF OF
1 Michal Jordan Niklas Hansson 60 1 2 2
2 Griffin Reinhart Viktor Baldayev 40 1 2 2
4 vs 4 Forward
Center Wing Time % Phy DF OF
1 Max Reinhart Guillaume Desbiens 60 1 2 2
2 Brandon Mashinter Ryan Strome 40 1 2 2
4 vs 4 Defense
Defense Defense Time % Phy DF OF
1 Michal Jordan Griffin Reinhart 60 1 2 2
2 Niklas Hansson Viktor Baldayev 40 1 2 2
Last Minutes Offensive
Center Left Wing Right Wing Defense Defense
Max Reinhart Pontus Aberg Guillaume Desbiens Michal Jordan Griffin Reinhart
Last Minutes Defensive
Center Left Wing Right Wing Defense Defense
Max Reinhart Daniel Paille Guillaume Desbiens Michal Jordan Niklas Hansson
Goaltenders
Starting : Jason Missiaen
Backup : Tyler Plante
Extra Forwards
Normal : Ryan Strome, Pontus Aberg, Max Reinhart - PP : Nail Yakupov, Ryan Strome - PK : Brandon Mashinter
Extra Defensemen
Normal : Niklas Hansson, Griffin Reinhart, Michal Jordan - PP : Griffin Reinhart - PK : Griffin Reinhart, Michal Jordan
Penalty Shots
Daniel Paille, Ryan Strome, Justin Williams, Brandon Mashinter, Pontus Aberg
Scratches
Kyle Platzer (Healthy), Connor Honey (Healthy), Brandon Gormley (Broken Ribs Injury), Anton Zlobin (Healthy), Mitchell Heard (Healthy)
Tim Bozon (Healthy), Igor Bobkov (Healthy), François Brassard (Healthy)
% Time on Ice - Rafales
Lines # - Real PCT - Wanted PCT - Time Play
Normal Forward
1 - 32% - 40% - 15:44
2 - 27% - 30% - 13:26
3 - 25% - 20% - 12:31
4 - 16% - 10% - 7:55
Normal Defense
1 - 38% - 40% - 18:59
2 - 35% - 30% - 17:33
3 - 23% - 20% - 11:35
4 - 3% - 10% - 1:29
PP Forward
1 - 53% - 60% - 4:27
2 - 47% - 40% - 3:58
PP Defense
1 - 70% - 60% - 5:55
2 - 30% - 40% - 2:30
PK Forward
1 - 71% - 60% - 1:24
2 - 29% - 40% - 0:35
PK Defense
1 - 60% - 60% - 1:11
2 - 40% - 40% - 0:48
PK3 Forward
1 - 0% - 60%
2 - 0% - 40%
PK3 Defense
1 - 0% - 60%
2 - 0% - 40%
44 Forward
1 - 0% - 60%
2 - 0% - 40%
44 Defense
1 - 0% - 60%
2 - 0% - 40%
Last Minute Offensive - 0:00
Last Minute Defensive - 0:00
Total
Forward - 60:00
Defense - 60:00
|
% Time on Ice - Remparts
Lines # - Real PCT - Wanted PCT - Time Play
Normal Forward
1 - 33% - 40% - 16:23
2 - 29% - 30% - 14:10
3 - 19% - 20% - 9:37
4 - 19% - 10% - 9:26
Normal Defense
1 - 38% - 40% - 18:50
2 - 34% - 30% - 16:39
3 - 26% - 20% - 12:43
4 - 3% - 10% - 1:24
PP Forward
1 - 57% - 60% - 1:08
2 - 43% - 40% - 0:51
PP Defense
1 - 53% - 60% - 1:03
2 - 47% - 40% - 0:56
PK Forward
1 - 75% - 60% - 6:18
2 - 25% - 40% - 2:07
PK Defense
1 - 79% - 60% - 6:39
2 - 21% - 40% - 1:46
PK3 Forward
1 - 0% - 60%
2 - 0% - 40%
PK3 Defense
1 - 0% - 60%
2 - 0% - 40%
44 Forward
1 - 0% - 60%
2 - 0% - 40%
44 Defense
1 - 0% - 60%
2 - 0% - 40%
Last Minute Offensive - 0:00
Last Minute Defensive - 0:00
Total
Forward - 60:00
Defense - 60:00
|
Play by Play
1st period
0:01 of 1st period - Mike Zigomanis wins face-off versus Max Reinhart in neutral zone.
0:04 of 1st period - Wrist shot by Mike Zigomanis.
0:04 of 1st period - Stopped by Jason Missiaen with a rebound.
0:23 of 1st period - Icing by Matt Gilroy.
0:24 of 1st period - Brandon Mashinter wins face-off versus Carl Klingberg in Rafales zone.
0:49 of 1st period - Icing by Matt Gilroy.
0:50 of 1st period - Kevin Veilleux wins face-off versus Cédric Lalonde-McNicoll in Rafales zone.
1:02 of 1st period - Minor Penalty to Cédric Lalonde-McNicoll for Hooking.
1:03 of 1st period - Max Reinhart wins face-off versus Cody McLeod in Remparts zone.
1:29 of 1st period - Carl Klingberg is hit by Daniel Paille and loses puck.
3:02 of 1st period - Penalty to Cédric Lalonde-McNicoll is over, Cédric Lalonde-McNicoll is back on ice.
3:11 of 1st period - Niklas Hansson is hit by Jayson Megna and loses puck.
3:34 of 1st period - Wrist shot by Daniel Paille.
3:34 of 1st period - Stopped by Leland Irving without a rebound.
3:35 of 1st period - Kevin Veilleux wins face-off versus Max Reinhart in Rafales zone.
3:35 of 1st period - Kevin Veilleux is hit by Guillaume Desbiens.
3:38 of 1st period - Minor Penalty to Dylan McIlrath for Roughing.
3:39 of 1st period - Mike Zigomanis wins face-off versus Max Reinhart in Rafales zone.
3:49 of 1st period - Cody McLeod is hit by Max Reinhart and loses puck.
3:54 of 1st period - Wrist shot by Max Reinhart.
3:54 of 1st period - Shot Blocked by Connor Murphy.
4:10 of 1st period - Matt Gilroy is hit by Daniel Paille and loses puck.
5:38 of 1st period - Penalty to Dylan McIlrath is over, Dylan McIlrath is back on ice.
5:43 of 1st period - Snap shot by James Marcou.
5:43 of 1st period - Deflect By Jayson Megna.
5:43 of 1st period - Shot Misses the Net.
5:43 of 1st period - Puck is out of play.
5:44 of 1st period - Cédric Lalonde-McNicoll wins face-off versus Jayson Megna in Remparts zone.
6:31 of 1st period - Griffin Reinhart is hit by Cody McLeod.
6:37 of 1st period - Wrist shot by Max Reinhart.
6:37 of 1st period - Stopped by Leland Irving without a rebound.
6:38 of 1st period - Brandon Mashinter wins face-off versus Nathan Davis in Rafales zone.
6:41 of 1st period - Snap shot by Daniel Paille.
6:41 of 1st period - Stopped by Leland Irving with a rebound.
6:52 of 1st period - Icing by Daniel Paille.
6:53 of 1st period - Brandon Mashinter wins face-off versus Mike Zigomanis in Remparts zone.
7:19 of 1st period - Wrist shot by Max Reinhart.
7:19 of 1st period - Stopped by Leland Irving without a rebound.
7:20 of 1st period - Guillaume Desbiens wins face-off versus Nathan Davis in Rafales zone.
7:25 of 1st period - Wrist shot by Guillaume Desbiens.
7:25 of 1st period - Shot Misses the Net.
7:35 of 1st period - Wrist shot by Nathan Davis.
7:35 of 1st period - Stopped by Jason Missiaen with a rebound.
7:53 of 1st period - Off-side.
7:54 of 1st period - Mike Zigomanis wins face-off versus Cédric Lalonde-McNicoll in neutral zone.
8:09 of 1st period - Wrist shot by Cody McLeod.
8:09 of 1st period - Shot Blocked by Cédric Lalonde-McNicoll.
8:29 of 1st period - Wrist shot by Daniel Paille.
8:29 of 1st period - Shot Misses the Net.
8:31 of 1st period - Wrist shot by Daniel Paille.
8:31 of 1st period - Shot Blocked by Matt Gilroy.
9:35 of 1st period - Carl Klingberg is hit by Ryan Strome and loses puck.
9:56 of 1st period - Wrist shot by Cédric Lalonde-McNicoll.
9:56 of 1st period - Stopped by Leland Irving with a rebound.
9:58 of 1st period - Snap shot by Michal Jordan.
9:58 of 1st period - Stopped by Leland Irving without a rebound.
9:59 of 1st period - Mike Zigomanis wins face-off versus Cédric Lalonde-McNicoll in Rafales zone.
10:10 of 1st period - Slapshot by Cédric Lalonde-McNicoll.
10:10 of 1st period - Deflect By Nail Yakupov.
10:10 of 1st period - Shot Misses the Net.
10:10 of 1st period - Puck is out of play.
10:11 of 1st period - Mike Zigomanis wins face-off versus Max Reinhart in Rafales zone.
10:44 of 1st period - Slapshot by Brian Ferlin.
10:44 of 1st period - Shot Misses the Net.
10:46 of 1st period - Wrist shot by Brian Ferlin.
10:46 of 1st period - Shot Misses the Net.
10:57 of 1st period - Icing by Viktor Baldayev.
10:58 of 1st period - Jayson Megna wins face-off versus Brandon Mashinter in Remparts zone.
11:01 of 1st period - Snap shot by James Marcou.
11:01 of 1st period - Stopped by Jason Missiaen with a rebound.
11:11 of 1st period - Snap shot by Daniel Paille.
11:11 of 1st period - Shot Blocked by Connor Murphy.
11:13 of 1st period - Slapshot by Daniel Paille.
11:13 of 1st period - Shot Misses the Net.
11:15 of 1st period - Snap shot by Daniel Paille.
11:15 of 1st period - Shot Blocked by Matt Gilroy.
11:17 of 1st period - Wrist shot by Daniel Paille.
11:17 of 1st period - Goal by Daniel Paille - Rafales : 0 - Remparts : 1.
11:18 of 1st period - Max Reinhart wins face-off versus Mike Zigomanis in neutral zone.
11:43 of 1st period - Wrist shot by Tim Crowder.
11:43 of 1st period - Shot Misses the Net.
11:45 of 1st period - Wrist shot by Tim Crowder.
11:45 of 1st period - Shot Misses the Net.
11:47 of 1st period - Wrist shot by Kevin Veilleux.
11:47 of 1st period - Deflect By Tim Crowder.
11:47 of 1st period - Shot Misses the Net.
11:47 of 1st period - Puck is out of play.
11:48 of 1st period - Cédric Lalonde-McNicoll wins face-off versus Kevin Veilleux in Remparts zone.
11:48 of 1st period - Cédric Lalonde-McNicoll is hit by Tim Crowder.
12:03 of 1st period - Slapshot by Michael Bournival.
12:03 of 1st period - Shot Misses the Net.
12:22 of 1st period - Off-side.
12:23 of 1st period - Carl Klingberg wins face-off versus Pontus Aberg in neutral zone.
12:34 of 1st period - Snap shot by Carl Klingberg.
12:34 of 1st period - Shot Misses the Net.
12:36 of 1st period - Wrist shot by Carl Klingberg.
12:36 of 1st period - Stopped by Jason Missiaen without a rebound.
12:37 of 1st period - Mike Zigomanis wins face-off versus Max Reinhart in Remparts zone.
12:40 of 1st period - Wrist shot by Mike Zigomanis.
12:40 of 1st period - Goal by Mike Zigomanis - Rafales : 1 - Remparts : 1.
12:41 of 1st period - Max Reinhart wins face-off versus Mike Zigomanis in neutral zone.
13:07 of 1st period - Nail Yakupov is hit by Carl Klingberg and loses puck.
13:46 of 1st period - Jayson Megna is hit by Justin Williams and loses puck.
14:44 of 1st period - Brian Ferlin is hit by Roberts Lipsbergs and loses puck.
15:19 of 1st period - Slapshot by Justin Williams.
15:19 of 1st period - Shot Misses the Net.
15:21 of 1st period - Wrist shot by Viktor Baldayev.
15:21 of 1st period - Shot Misses the Net.
15:23 of 1st period - Snap shot by Chris Mueller.
15:23 of 1st period - Goal by Chris Mueller - Rafales : 1 - Remparts : 2.
15:24 of 1st period - Max Reinhart wins face-off versus Mike Zigomanis in neutral zone.
15:29 of 1st period - Wrist shot by Guillaume Desbiens.
15:29 of 1st period - Shot Misses the Net.
15:31 of 1st period - Snap shot by Max Reinhart.
15:31 of 1st period - Stopped by Leland Irving with a rebound.
15:49 of 1st period - Ryan Strome is hit by Matt Gilroy and loses puck.
17:16 of 1st period - Slapshot by Ryan Strome.
17:16 of 1st period - Shot Misses the Net.
17:18 of 1st period - Snap shot by Daniel Paille.
17:18 of 1st period - Shot Misses the Net.
17:22 of 1st period - Wrist shot by Ryan Strome.
17:22 of 1st period - Stopped by Leland Irving with a rebound.
17:53 of 1st period - Slapshot by Cédric Lalonde-McNicoll.
17:53 of 1st period - Stopped by Leland Irving with a rebound.
19:00 of 1st period - Backhand shot by Max Reinhart.
19:00 of 1st period - Shot Blocked by Mike Zigomanis.
19:14 of 1st period - Wrist shot by Guillaume Desbiens.
19:14 of 1st period - Shot Blocked by Connor Murphy.
Goals for this period are 1 for Rafales vs 2 for Remparts.
Shots for this period are 5 for Rafales vs 11 for Remparts.
2nd period
0:01 of 2nd period - Mike Zigomanis wins face-off versus Max Reinhart in neutral zone.
0:04 of 2nd period - Pontus Aberg is hit by Matt Gilroy and loses puck.
0:25 of 2nd period - Nathan Davis is hit by Brandon Mashinter and loses puck.
0:48 of 2nd period - Cédric Lalonde-McNicoll is hit by Connor Murphy and loses puck.
1:14 of 2nd period - Snap shot by Connor Murphy.
1:14 of 2nd period - Stopped by Jason Missiaen with a rebound.
1:16 of 2nd period - Snap shot by Milan Bartovic.
1:16 of 2nd period - Stopped by Jason Missiaen with a rebound.
1:18 of 2nd period - Slapshot by Milan Bartovic.
1:18 of 2nd period - Shot Misses the Net.
1:20 of 2nd period - Slapshot by Connor Murphy.
1:20 of 2nd period - Deflect By Mike Zigomanis.
1:20 of 2nd period - Stopped by Jason Missiaen with a rebound.
1:56 of 2nd period - Snap shot by Ryan Strome.
1:56 of 2nd period - Stopped by Leland Irving without a rebound.
1:57 of 2nd period - Max Reinhart wins face-off versus Mike Zigomanis in Rafales zone.
2:00 of 2nd period - Wrist shot by Guillaume Desbiens.
2:00 of 2nd period - Shot Misses the Net.
2:08 of 2nd period - Guillaume Desbiens is hit by Mike Zigomanis and loses puck.
2:24 of 2nd period - Off-side.
2:25 of 2nd period - Nathan Davis wins face-off versus Brandon Mashinter in neutral zone.
3:10 of 2nd period - Slapshot by Nathan Davis.
3:10 of 2nd period - Shot Blocked by Cédric Lalonde-McNicoll.
3:12 of 2nd period - Snap shot by Cody McLeod.
3:12 of 2nd period - Goal by Cody McLeod - Rafales : 2 - Remparts : 2.
3:13 of 2nd period - Max Reinhart wins face-off versus Mike Zigomanis in neutral zone.
3:22 of 2nd period - Snap shot by Guillaume Desbiens.
3:22 of 2nd period - Shot Misses the Net.
3:40 of 2nd period - Brandon Mashinter is hit by Michael Bournival and loses puck.
3:47 of 2nd period - Tim Crowder is hit by Brandon Mashinter and loses puck.
4:12 of 2nd period - Snap shot by Carl Klingberg.
4:12 of 2nd period - Shot Misses the Net.
4:32 of 2nd period - Snap shot by Nail Yakupov.
4:32 of 2nd period - Deflect By Cédric Lalonde-McNicoll.
4:32 of 2nd period - Stopped by Leland Irving with a rebound.
5:05 of 2nd period - Michael Bournival is hit by Keaton Thompson and loses puck.
5:12 of 2nd period - Slapshot by Dennis Persson.
5:12 of 2nd period - Shot Misses the Net.
5:14 of 2nd period - Slapshot by Slater Koekkoek.
5:14 of 2nd period - Shot Misses the Net.
6:15 of 2nd period - Julian Melchiori is hit by Michal Jordan and loses puck.
6:30 of 2nd period - Ryan Strome is hit by Tim Crowder and loses puck.
6:41 of 2nd period - Slapshot by Michael Bournival.
6:41 of 2nd period - Shot Blocked by Ryan Strome.
6:47 of 2nd period - Minor Penalty to Brandon Mashinter for Hooking.
6:48 of 2nd period - Mike Zigomanis wins face-off versus Max Reinhart in Remparts zone.
6:53 of 2nd period - Wrist shot by Cody McLeod.
6:53 of 2nd period - Shot Misses the Net.
6:55 of 2nd period - Snap shot by Milan Bartovic.
6:55 of 2nd period - Shot Blocked by Niklas Hansson.
6:57 of 2nd period - Wrist shot by Milan Bartovic.
6:57 of 2nd period - Shot Misses the Net.
6:59 of 2nd period - Slapshot by Connor Murphy.
6:59 of 2nd period - Stopped by Jason Missiaen with a rebound.
7:01 of 2nd period - Snap shot by Cody McLeod.
7:01 of 2nd period - Shot Blocked by Niklas Hansson.
7:03 of 2nd period - Slapshot by Connor Murphy.
7:03 of 2nd period - Shot Misses the Net.
8:47 of 2nd period - Penalty to Brandon Mashinter is over, Brandon Mashinter is back on ice.
9:01 of 2nd period - Slapshot by Michael Bournival.
9:01 of 2nd period - Stopped by Jason Missiaen without a rebound.
9:02 of 2nd period - Kevin Veilleux wins face-off versus Chris Mueller in Remparts zone.
9:03 of 2nd period - Snap shot by Michael Bournival.
9:03 of 2nd period - Stopped by Jason Missiaen without a rebound.
9:04 of 2nd period - Chris Mueller wins face-off versus Kevin Veilleux in Remparts zone.
9:09 of 2nd period - Wrist shot by Chris Mueller.
9:09 of 2nd period - Shot Misses the Net.
9:19 of 2nd period - Snap shot by Michael Bournival.
9:19 of 2nd period - Stopped by Jason Missiaen with a rebound.
9:35 of 2nd period - Slapshot by Guillaume Desbiens.
9:35 of 2nd period - Stopped by Leland Irving with a rebound.
9:37 of 2nd period - Snap shot by Pontus Aberg.
9:37 of 2nd period - Goal by Pontus Aberg - Rafales : 2 - Remparts : 3.
9:38 of 2nd period - Max Reinhart wins face-off versus Mike Zigomanis in neutral zone.
10:04 of 2nd period - Daniel Paille is hit by Matt Gilroy and loses puck.
10:36 of 2nd period - Wrist shot by Brian Ferlin.
10:36 of 2nd period - Shot Misses the Net.
10:43 of 2nd period - Icing by Nail Yakupov.
10:44 of 2nd period - Jayson Megna wins face-off versus Chris Mueller in Remparts zone.
11:11 of 2nd period - Wrist shot by Daniel Paille.
11:11 of 2nd period - Shot Misses the Net.
11:21 of 2nd period - Snap shot by Daniel Paille.
11:21 of 2nd period - Stopped by Leland Irving without a rebound.
11:22 of 2nd period - Max Reinhart wins face-off versus Mike Zigomanis in Rafales zone.
12:10 of 2nd period - Off-side.
12:11 of 2nd period - Nathan Davis wins face-off versus Brandon Mashinter in neutral zone.
12:36 of 2nd period - Tim Crowder is hit by Max Reinhart and loses puck.
12:49 of 2nd period - Wrist shot by Max Reinhart.
12:49 of 2nd period - Shot Blocked by Slater Koekkoek.
12:59 of 2nd period - Snap shot by Justin Williams.
12:59 of 2nd period - Shot Misses the Net.
13:19 of 2nd period - Tim Crowder is hit by Cédric Lalonde-McNicoll and loses puck.
13:28 of 2nd period - Backhand shot by Kevin Veilleux.
13:28 of 2nd period - Shot Misses the Net.
13:30 of 2nd period - Snap shot by Michael Bournival.
13:30 of 2nd period - Shot Blocked by Michael Downing.
13:32 of 2nd period - Slapshot by Michael Bournival.
13:32 of 2nd period - Stopped by Jason Missiaen with a rebound.
13:44 of 2nd period - Kevin Veilleux is hit by Keaton Thompson and loses puck.
14:05 of 2nd period - Wrist shot by Tim Crowder.
14:05 of 2nd period - Shot Misses the Net.
14:07 of 2nd period - Wrist shot by Kevin Veilleux.
14:07 of 2nd period - Stopped by Jason Missiaen with a rebound.
14:09 of 2nd period - Snap shot by Tim Crowder.
14:09 of 2nd period - Stopped by Jason Missiaen with a rebound.
14:21 of 2nd period - Snap shot by Kevin Veilleux.
14:21 of 2nd period - Stopped by Jason Missiaen with a rebound.
14:23 of 2nd period - Snap shot by Michael Bournival.
14:23 of 2nd period - Stopped by Jason Missiaen without a rebound.
14:24 of 2nd period - Cody McLeod wins face-off versus Max Reinhart in Remparts zone.
15:10 of 2nd period - Wrist shot by Justin Williams.
15:10 of 2nd period - Shot Blocked by Matt Gilroy.
15:27 of 2nd period - Chris Terry is hit by Pontus Aberg and loses puck.
16:13 of 2nd period - Carl Klingberg is hit by Chris Mueller and loses puck.
17:21 of 2nd period - Snap shot by Justin Williams.
17:21 of 2nd period - Shot Blocked by Julian Melchiori.
17:23 of 2nd period - Slapshot by Justin Williams.
17:23 of 2nd period - Goal by Justin Williams - Rafales : 2 - Remparts : 4.
17:24 of 2nd period - Mike Zigomanis wins face-off versus Max Reinhart in neutral zone.
17:37 of 2nd period - Connor Murphy is hit by Guillaume Desbiens and loses puck.
17:50 of 2nd period - Griffin Reinhart is hit by Kevin Veilleux and loses puck.
18:15 of 2nd period - Snap shot by Nail Yakupov.
18:15 of 2nd period - Stopped by Leland Irving without a rebound.
18:16 of 2nd period - Max Reinhart wins face-off versus Mike Zigomanis in Rafales zone.
18:19 of 2nd period - Backhand shot by Max Reinhart.
18:19 of 2nd period - Shot Blocked by Cody McLeod.
18:37 of 2nd period - Minor Penalty to Niklas Hansson for Tripping.
18:38 of 2nd period - Max Reinhart wins face-off versus Mike Zigomanis in Remparts zone.
19:39 of 2nd period - Viktor Baldayev is hit by Cody McLeod and loses puck.
Goals for this period are 1 for Rafales vs 2 for Remparts.
Shots for this period are 13 for Rafales vs 7 for Remparts.
3rd period
0:01 of 3rd period - Max Reinhart wins face-off versus Mike Zigomanis in neutral zone.
0:04 of 3rd period - Snap shot by Guillaume Desbiens.
0:04 of 3rd period - Stopped by Leland Irving without a rebound.
0:05 of 3rd period - Mike Zigomanis wins face-off versus Max Reinhart in Rafales zone.
0:37 of 3rd period - Penalty to Niklas Hansson is over, Niklas Hansson is back on ice.
0:42 of 3rd period - Slapshot by Daniel Paille.
0:42 of 3rd period - Shot Blocked by Connor Murphy.
0:44 of 3rd period - Slapshot by Viktor Baldayev.
0:44 of 3rd period - Stopped by Leland Irving with a rebound.
0:46 of 3rd period - Wrist shot by Brandon Mashinter.
0:46 of 3rd period - Stopped by Leland Irving with a rebound.
0:48 of 3rd period - Slapshot by Michal Jordan.
0:48 of 3rd period - Stopped by Leland Irving with a rebound.
0:50 of 3rd period - Snap shot by Niklas Hansson.
0:50 of 3rd period - Goal by Niklas Hansson - Rafales : 2 - Remparts : 5.
0:51 of 3rd period - Max Reinhart wins face-off versus Mike Zigomanis in neutral zone.
1:40 of 3rd period - Snap shot by Tim Crowder.
1:40 of 3rd period - Shot Blocked by Niklas Hansson.
1:42 of 3rd period - Slapshot by Slater Koekkoek.
1:42 of 3rd period - Shot Blocked by Niklas Hansson.
1:44 of 3rd period - Slapshot by Dennis Persson.
1:44 of 3rd period - Stopped by Jason Missiaen with a rebound.
1:46 of 3rd period - Slapshot by Kevin Veilleux.
1:46 of 3rd period - Stopped by Jason Missiaen with a rebound.
1:48 of 3rd period - Wrist shot by Slater Koekkoek.
1:48 of 3rd period - Stopped by Jason Missiaen with a rebound.
2:40 of 3rd period - Wrist shot by Nathan Davis.
2:40 of 3rd period - Shot Misses the Net.
2:42 of 3rd period - Slapshot by Matt Gilroy.
2:42 of 3rd period - Stopped by Jason Missiaen with a rebound.
3:06 of 3rd period - Brandon Mashinter is hit by Dylan McIlrath and loses puck.
3:34 of 3rd period - Backhand shot by Griffin Reinhart.
3:34 of 3rd period - Shot Blocked by Julian Melchiori.
3:52 of 3rd period - Slapshot by Brian Ferlin.
3:52 of 3rd period - Shot Blocked by Pontus Aberg.
3:54 of 3rd period - Slapshot by Dennis Persson.
3:54 of 3rd period - Stopped by Jason Missiaen with a rebound.
3:56 of 3rd period - Slapshot by Slater Koekkoek.
3:56 of 3rd period - Stopped by Jason Missiaen without a rebound.
3:57 of 3rd period - Mike Zigomanis wins face-off versus Cédric Lalonde-McNicoll in Remparts zone.
4:05 of 3rd period - Minor Penalty to Niklas Hansson for Slashing.
4:06 of 3rd period - Mike Zigomanis wins face-off versus Max Reinhart in Remparts zone.
6:01 of 3rd period - Connor Murphy is hit by Juuso Ikonen and loses puck.
6:05 of 3rd period - Penalty to Niklas Hansson is over, Niklas Hansson is back on ice.
6:20 of 3rd period - Wrist shot by Nathan Davis.
6:20 of 3rd period - Shot Misses the Net.
6:22 of 3rd period - Backhand shot by Matt Gilroy.
6:22 of 3rd period - Shot Misses the Net.
6:24 of 3rd period - Wrist shot by Brian Ferlin.
6:24 of 3rd period - Stopped by Jason Missiaen with a rebound.
6:26 of 3rd period - Slapshot by Carl Klingberg.
6:26 of 3rd period - Stopped by Jason Missiaen without a rebound.
6:27 of 3rd period - Mike Zigomanis wins face-off versus Cédric Lalonde-McNicoll in Remparts zone.
6:52 of 3rd period - Michael Bournival is hit by Michal Jordan and loses puck.
6:59 of 3rd period - Slapshot by Guillaume Desbiens.
6:59 of 3rd period - Stopped by Leland Irving with a rebound.
7:18 of 3rd period - Backhand shot by Tim Crowder.
7:18 of 3rd period - Shot Misses the Net.
7:42 of 3rd period - Snap shot by Guillaume Desbiens.
7:42 of 3rd period - Deflect By Pontus Aberg.
7:42 of 3rd period - Stopped by Leland Irving without a rebound.
7:43 of 3rd period - Max Reinhart wins face-off versus Mike Zigomanis in Rafales zone.
7:48 of 3rd period - Slapshot by Cody McLeod.
7:48 of 3rd period - Stopped by Jason Missiaen with a rebound.
7:50 of 3rd period - Slapshot by Dennis Persson.
7:50 of 3rd period - Shot Misses the Net.
7:52 of 3rd period - Snap shot by Milan Bartovic.
7:52 of 3rd period - Shot Misses the Net.
7:54 of 3rd period - Wrist shot by Milan Bartovic.
7:54 of 3rd period - Shot Misses the Net.
7:56 of 3rd period - Snap shot by Mike Zigomanis.
7:56 of 3rd period - Deflect By Milan Bartovic.
7:56 of 3rd period - Stopped by Jason Missiaen with a rebound.
8:26 of 3rd period - Off-side.
8:27 of 3rd period - Mike Zigomanis wins face-off versus Chris Mueller in neutral zone.
8:30 of 3rd period - Justin Williams is hit by Cody McLeod and loses puck.
9:22 of 3rd period - Off-side.
9:23 of 3rd period - Mike Zigomanis wins face-off versus Brandon Mashinter in neutral zone.
9:44 of 3rd period - Minor Penalty to Brandon Mashinter for Hooking.
9:45 of 3rd period - Mike Zigomanis wins face-off versus Max Reinhart in Remparts zone.
9:56 of 3rd period - Snap shot by Cody McLeod.
9:56 of 3rd period - Goal by Cody McLeod - Rafales : 3 - Remparts : 5.
9:57 of 3rd period - Mike Zigomanis wins face-off versus Max Reinhart in neutral zone.
10:31 of 3rd period - Slapshot by Niklas Hansson.
10:31 of 3rd period - Shot Blocked by Nathan Davis.
10:41 of 3rd period - Snap shot by Justin Williams.
10:41 of 3rd period - Stopped by Leland Irving with a rebound.
10:51 of 3rd period - Slapshot by Chris Mueller.
10:51 of 3rd period - Goal by Chris Mueller - Rafales : 3 - Remparts : 6.
10:52 of 3rd period - Max Reinhart wins face-off versus Mike Zigomanis in neutral zone.
11:07 of 3rd period - Snap shot by Dennis Persson.
11:07 of 3rd period - Stopped by Jason Missiaen without a rebound.
11:08 of 3rd period - Brandon Mashinter wins face-off versus Brian Ferlin in Remparts zone.
11:38 of 3rd period - Slapshot by Griffin Reinhart.
11:38 of 3rd period - Stopped by Leland Irving with a rebound.
11:40 of 3rd period - Slapshot by Griffin Reinhart.
11:40 of 3rd period - Shot Misses the Net.
11:42 of 3rd period - Wrist shot by Roberts Lipsbergs.
11:42 of 3rd period - Stopped by Leland Irving without a rebound.
11:43 of 3rd period - Milan Bartovic wins face-off versus Max Reinhart in Rafales zone.
12:08 of 3rd period - Snap shot by Chris Terry.
12:08 of 3rd period - Shot Misses the Net.
12:34 of 3rd period - Wrist shot by Tim Crowder.
12:34 of 3rd period - Shot Misses the Net.
14:00 of 3rd period - Wrist shot by Cody McLeod.
14:00 of 3rd period - Stopped by Jason Missiaen without a rebound.
14:01 of 3rd period - Cédric Lalonde-McNicoll wins face-off versus Mike Zigomanis in Remparts zone.
14:08 of 3rd period - Snap shot by Cody McLeod.
14:08 of 3rd period - Shot Misses the Net.
14:26 of 3rd period - Max Reinhart is hit by Carl Klingberg and loses puck.
14:49 of 3rd period - Michael Downing is hit by Kevin Veilleux.
14:53 of 3rd period - Ryan Strome is hit by Dylan McIlrath and loses puck.
15:27 of 3rd period - Niklas Hansson is hit by Cody McLeod and loses puck.
15:34 of 3rd period - Wrist shot by Viktor Baldayev.
15:34 of 3rd period - Stopped by Leland Irving without a rebound.
15:35 of 3rd period - Mike Zigomanis wins face-off versus Max Reinhart in Rafales zone.
15:35 of 3rd period - Mike Zigomanis is hit by Viktor Baldayev.
15:40 of 3rd period - Off-side.
15:41 of 3rd period - Max Reinhart wins face-off versus Mike Zigomanis in neutral zone.
15:50 of 3rd period - Wrist shot by Max Reinhart.
15:50 of 3rd period - Goal by Max Reinhart - Rafales : 3 - Remparts : 7.
15:51 of 3rd period - Max Reinhart wins face-off versus Mike Zigomanis in neutral zone.
15:54 of 3rd period - Michal Jordan is hit by Cody McLeod and loses puck.
16:17 of 3rd period - Matt Gilroy is hit by Brandon Mashinter.
16:43 of 3rd period - Wrist shot by Michael Bournival.
16:43 of 3rd period - Shot Misses the Net.
17:17 of 3rd period - Slapshot by Chris Mueller.
17:17 of 3rd period - Shot Misses the Net.
18:12 of 3rd period - Wrist shot by Ryan Strome.
18:12 of 3rd period - Stopped by Leland Irving without a rebound.
18:13 of 3rd period - Kevin Veilleux wins face-off versus Brandon Mashinter in Rafales zone.
18:13 of 3rd period - Kevin Veilleux is hit by Brandon Mashinter.
18:27 of 3rd period - Snap shot by Brandon Mashinter.
18:27 of 3rd period - Stopped by Leland Irving without a rebound.
18:28 of 3rd period - Guillaume Desbiens wins face-off versus Mike Zigomanis in Rafales zone.
18:33 of 3rd period - Snap shot by Max Reinhart.
18:33 of 3rd period - Stopped by Leland Irving without a rebound.
18:34 of 3rd period - Max Reinhart wins face-off versus Mike Zigomanis in Rafales zone.
18:40 of 3rd period - Minor Penalty to Michal Jordan for Hooking.
18:41 of 3rd period - Mike Zigomanis wins face-off versus Max Reinhart in Remparts zone.
18:44 of 3rd period - Slapshot by Cody McLeod.
18:44 of 3rd period - Deflect By Milan Bartovic.
18:44 of 3rd period - Shot Blocked by Niklas Hansson.
18:44 of 3rd period - Puck is out of play.
18:45 of 3rd period - Mike Zigomanis wins face-off versus Max Reinhart in Remparts zone.
18:46 of 3rd period - Wrist shot by Cody McLeod.
18:46 of 3rd period - Shot Misses the Net.
18:48 of 3rd period - Snap shot by Cody McLeod.
18:48 of 3rd period - Shot Misses the Net.
18:57 of 3rd period - Slapshot by Cody McLeod.
18:57 of 3rd period - Goal by Cody McLeod - Rafales : 4 - Remparts : 7.
18:58 of 3rd period - Mike Zigomanis wins face-off versus Max Reinhart in neutral zone.
19:05 of 3rd period - Michal Jordan is hit by Matt Gilroy and loses puck.
19:10 of 3rd period - Snap shot by Cody McLeod.
19:10 of 3rd period - Stopped by Jason Missiaen with a rebound.
19:12 of 3rd period - Snap shot by Matt Gilroy.
19:12 of 3rd period - Shot Blocked by Griffin Reinhart.
19:24 of 3rd period - Snap shot by Tim Crowder.
19:24 of 3rd period - Stopped by Jason Missiaen with a rebound.
19:26 of 3rd period - Slapshot by Dennis Persson.
19:26 of 3rd period - Stopped by Jason Missiaen without a rebound.
19:27 of 3rd period - Kevin Veilleux wins face-off versus Brandon Mashinter in Remparts zone.
19:28 of 3rd period - Snap shot by Michael Bournival.
19:28 of 3rd period - Stopped by Jason Missiaen with a rebound.
19:30 of 3rd period - Snap shot by Kevin Veilleux.
19:30 of 3rd period - Shot Misses the Net.
Goals for this period are 2 for Rafales vs 3 for Remparts.
Shots for this period are 18 for Rafales vs 16 for Remparts.
Back to the Top